Map: New Repugnancy LE

Players

kaype

  • Race: Zerg Zerg
  • League: Diamond
  • Spawn Location: 7:00

Smeeeger - Winner!

  • Race: Zerg Zerg
  • League: Platinum
  • Spawn Location: 1:00

VOD

Have the link to the VOD?

Description

Time

  • Played on: Aug. 3, 2019, 9:20 p.m.
  • Length: 9:35
Show
View Real Time Build Order
Export as new Build Order

kaype Zerg 

Build Orders: Pool First 

Get SALT Encoding   

  12  0:03  Drone  
  13  0:09  Drone  
  14  0:17  Overlord  
  14  0:35  Drone  
  15  0:40  Spawning Pool  
  15  0:41  Drone  
  15  0:49  Drone  
  16  0:51  Drone  
  17  0:58  Drone  
  18  1:16  Hatchery  
  17  1:19  Drone  
  17  1:24  Extractor  
  17  1:26  Overlord  
  17  1:35  Queen  
  17  1:39  Drone  
  20  1:42  Drone  
  21  1:57  Drone  
  22  2:11  Queen  
  24  2:23  Drone  
  24  2:24  Drone  
  24  2:28  Queen  
  28  2:30  Drone x2  
  28  2:34  Metabolic Boost  
  30  2:40  Drone x2  
  32  2:47  Drone x3  
  35  2:53  Overlord  
  35  2:56  Drone  
  36  3:09  Hatchery  
  35  3:13  Overlord  
  35  3:16  Drone  
  35  3:17  Drone x2  
  38  3:28  Baneling Nest  
  37  3:34  Overlord  
  37  3:36  Zergling x2  
  37  3:37  Drone, Extractor  
  37  3:38  Drone  
  37  3:39  Zergling x6  
  42  3:45  Drone  
  43  3:50  Overlord x2  
  43  3:53  Drone  
  43  3:55  Zergling x4  
  46  3:56  Zergling x2  
  46  3:58  Zergling x2  
  46  4:00  Zergling x2  
  49  4:05  Zergling x2  
  49  4:06  Zergling x2  
  48  4:17  Zergling x4  
  39  4:22  Zergling x2  
  39  4:23  Zergling x4  
  39  4:24  Zergling x2  
  33  4:26  Zergling x4  
  34  4:36  Zergling x4  
  34  4:38  Zergling x2  
  34  4:44  Zergling x2  
  31  4:49  Queen  
  33  4:59  Zergling x6  
  36  5:04  Baneling x3  
  36  5:05  Baneling  
  36  5:09  Zergling x2  
  36  5:10  Zergling x2  
  37  5:17  Zergling x2  
  37  5:18  Zergling x4  
  33  5:22  Zergling x2  
  33  5:27  Zergling x4  
  33  5:45  Zergling x10  
  33  5:46  Zergling x2  
  38  5:52  Drone x2  
  38  5:56  Drone  
  41  6:10  Zergling x8  
  41  6:11  Zergling x2  
  45  6:24  Drone  
  45  6:25  Drone x4  
  50  6:28  Drone  
  51  6:42  Spine Crawler  
  51  6:43  Zergling x6  
  51  6:45  Zergling x2  
  54  6:47  Zergling x2  
  49  7:02  Zergling x2  
  49  7:03  Zergling x4  
  49  7:08  Zergling x8  
  52  7:09  Zergling x4  
  52  7:12  Zergling x2  
  51  7:23  Zergling x4  
  51  7:24  Zergling x2  
  48  7:31  Drone x2  
  48  7:35  Drone, Spine Crawler x2  
  49  7:39  Queen  
  51  7:54  Baneling  
  51  7:55  Baneling x6  
  51  7:56  Baneling x9  
  51  7:58  Drone  
  51  8:01  Drone  
  51  8:03  Drone  
  50  8:23  Zergling x10  
  50  8:24  Zergling x6  
  47  8:32  Zergling x2  
  45  8:38  Zergling x4  
Show
View Real Time Build Order
Export as new Build Order

Smeeeger Zerg - Winner!

Build Orders: Hatch First 

Get SALT Encoding   

  12  0:01  Drone  
  13  0:13  Overlord  
  13  0:18  Drone  
  14  0:37  Drone x2  
  14  0:38  Drone  
  17  0:48  Drone  
  18  0:57  Hatchery  
  18  1:00  Drone  
  18  1:03  Extractor  
  17  1:15  Spawning Pool  
  17  1:18  Drone  
  17  1:22  Drone  
  18  1:32  Drone  
  19  1:43  Drone  
  20  1:53  Overlord  
  20  2:07  Zergling x2  
  21  2:09  Queen  
  21  2:10  Zergling x2  
  21  2:12  Queen  
  21  2:14  Drone  
  27  2:23  Drone  
  27  2:25  Metabolic Boost  
  27  2:29  Drone  
  29  2:37  Drone x2  
  30  2:41  Overlord  
  31  2:47  Queen  
  31  2:50  Zergling x2  
  34  2:59  Overlord  
  34  3:00  Overlord  
  34  3:04  Drone  
  35  3:08  Zergling x2  
  36  3:17  Zergling x2  
  36  3:19  Zergling x2  
  38  3:20  Zergling x2  
  38  3:21  Zergling x4  
  41  3:30  Zergling x6  
  41  3:31  Zergling x2  
  45  3:48  Drone x4  
  47  3:55  Baneling Nest  
  48  3:57  Drone x4  
  50  4:14  Zergling x6  
  51  4:19  Drone  
  51  4:20  Drone  
  52  4:24  Roach Warren  
  52  4:27  Evolution Chamber  
  42  4:50  Zergling x2  
  42  4:51  Zergling x18  
  52  5:00  Overlord x2  
  52  5:15  Hatchery  
  44  5:25  Roach  
  44  5:26  Roach x4  
  51  5:39  Roach  
  51  5:40  Overlord x2  
  51  5:41  Overlord  
  52  5:49  Overlord  
  50  5:50  Overlord  
  50  5:53  Drone x2, Extractor  
  50  5:54  Extractor  
  50  5:55  Drone  
  50  5:56  Drone x2  
  53  5:59  Drone x2  
  55  6:07  Overlord  
  55  6:21  Roach  
  55  6:22  Roach  
  59  6:38  Overlord, Zergling x2  
  59  6:39  Zergling x8  
  64  6:42  Drone  
  64  6:43  Drone x2  
  64  6:45  Hatchery, Zerg Missile Weapons Level 1  
  66  6:52  Roach x3  
  59  7:25  Roach x7  
  59  7:26  Roach  
  75  7:34  Drone x3  
  78  7:46  Lair  
  78  7:47  Zergling x6  
  81  8:04  Spine Crawler, Evolution Chamber  
  79  8:24  Roach x8  
  79  8:25  Roach x4  
  90  8:30  Zergling x8  
  94  8:35  Roach  
  92  8:57  Roach  
  92  8:58  Roach x6  
  92  8:59  Roach  
  105  9:10  Zergling x10  
Tags
 
Add a new tag
Caveats
  • Supply blocks, unpowered buildings, or Contaminate may cause inaccurate times.
  • Supply counts are checked every 10 seconds.